 Dungeon Crawl Stone Soup version 0.28.0-1-gb440e238dd (webtiles) character file.

Game seed: 4104929365162219137

6489 spaghetti the Fighter (level 10, -2/89 HPs)
             Began as a Demonspawn Berserker on Feb 21, 2022.
             Was a Priest of Trog.
             Killed from afar by a deep elf pyromancer (22 damage)
             ... with a bolt of fire
             ... on level 9 of the Dungeon.
             The game lasted 00:12:45 (10962 turns).

spaghetti the Fighter (Demonspawn Berserker)       Turns: 10962, Time: 00:12:45

Health: -2/89      AC: 10    Str: 22    XL:     10   Next: 68%
Magic:  10/10      EV: 12    Int:  9    God:    Trog [***...]
Gold:   440        SH:  0    Dex: 12    Spells: 9/9 levels left

rFire   . . .      SeeInvis +   a - +2 whip (venom)
rCold   . . .      Faith    .   (no shield)
rNeg    . . .      Spirit   .   j - +0 animal skin
rPois   .          Reflect  .   (helmet restricted)
rElec   .          Harm     .   s - +1 cloak
rCorr   .          Rampage  .   k - +0 pair of gloves
Will    ++...                   r - +0 pair of boots
Stlth   +.........              (no amulet)
HPRegen 1.24/turn               u - ring of see invisible
MPRegen 0.12/turn               (no ring)

@: strong-willed, on berserk cooldown, regenerating
A: antennae 2, slimy green scales 1, icemail 2, spiny 2, condensation shield
a: Renounce Religion, Berserk, Trog's Hand


You were on level 9 of the Dungeon.
You worshipped Trog.
Trog was most pleased with you.
You visited 1 branch of the dungeon, and saw 9 of its levels.

You collected 440 gold pieces.

Inventory:

Hand Weapons
 a - a +2 whip of venom (weapon)
 b - a +3 hunting sling of flaming
 i - a +0 shortbow of chaos
Missiles
 g - 96 arrows
 q - 19 sling bullets
Armour
 j - a +0 animal skin (worn)
 k - a +0 pair of gloves (worn)
 r - a +0 pair of boots (worn)
 s - a +1 cloak (worn)
Jewellery
 c - a ring of protection from cold
 u - a ring of see invisible (left hand)
Wands
 n - a wand of flame (39)
 y - a wand of iceblast (9)
Scrolls
 d - 2 scrolls of identify
 f - 2 scrolls of enchant armour
 h - a scroll of immolation
 l - 2 scrolls of enchant weapon
 o - 2 scrolls of fear
 p - a scroll of noise
 t - a scroll of blinking
 x - a scroll of vulnerability
Potions
 m - 4 potions of flight
 v - 2 potions of cancellation


   Skills:
 + Level 12.3 Fighting
 - Level 2.6 Maces & Flails
 + Level 10.4 Armour
 - Level 1.7 Dodging


You had 9 spell levels left.
You didn't know any spells.
Your spell library was empty.

Dungeon Overview and Level Annotations

Branches:
Dungeon (9/15)             Temple (0/1) D:5            Lair (0/6) D:8
    Orc (0/2) D:9

Altars:
Ashenzari
Kikubaaqudgha
Okawaru
Yredelemnul

Shops:
D:4 *

Annotations:
D:3 1 runed translucent door, rrix's ghost, amateur DsVM
D:4 3 runed translucent doors, PoweredByGinger's ghost, amateur MiFi
D:5 2 transporters, 2 runed translucent doors, spaghetti's ghost, weakling OpDe


Innate Abilities, Weirdness & Mutations

You have a pair of antennae on your head.
You are partially covered in slimy green scales. (AC +2)
A meltable icy envelope protects you from harm. (AC +0)
You are mostly covered in sharp spines.
A meltable shield of frost defends you. (SH +0)


Message History

An orc wizard comes into view. It is wielding a +0 dagger.
The deep elf pyromancer barely misses you.
Okay, then.
Okay, then.
Okay, then.
Okay, then.
You whack the deep elf pyromancer!
The deep elf pyromancer is poisoned.
You punch the deep elf pyromancer, but do no damage.
The deep elf pyromancer is moderately wounded.
The deep elf pyromancer is struck by your spines.
The deep elf pyromancer hits you but does no damage.
You hit the deep elf pyromancer.
The deep elf pyromancer is moderately wounded.
The deep elf pyromancer hits you but does no damage.
The deep elf pyromancer hits you with a +0 long sword.
Unknown command.
You completely miss the deep elf pyromancer.
The deep elf pyromancer is moderately wounded.
Your skin stops crawling.
You feel less strong-willed.
The orc wizard gestures wildly while chanting.
The orc wizard flickers and vanishes for a moment.
The deep elf pyromancer hits you with a +0 long sword.
Unknown command.
You feel yourself speed up.
The deep elf pyromancer gestures wildly while chanting.
The deep elf pyromancer casts a spell at you.
The sticky flame hits you!
You are covered in liquid flames!
* * * LOW HITPOINT WARNING * * *
Unknown command.
Unknown command.
Your skin crawls.
You feel strong-willed.
You can no longer call in reinforcements.
You are covered in liquid flames!
* * * LOW HITPOINT WARNING * * *
You are no longer on fire.
The deep elf pyromancer points at you and mumbles some strange words.
The bolt of fire hits you!!
You die...

# ##..#..## #.#.# #
#..###..# #.#.# #
###.##,##.##### #.#.# #
##....#,#.[....## #.#.# #
##..#.##{##.#....## #.#.#
###..####,,,####....## #.#.#
##..##,,{,*,,,,##....###.#!#
...##****,,,***###.......#.#
..##,* **,** #@##.####.#.#
...#,* ***,*** #e#....##.#.#
#.##{***,,.,,*##D##.#..#:#.#
###,,,**,,...##lOE#'##...#.#
,,{,*,,,,,#....o#...)##..#.#
***,,,**,....##...####...#.#
*,**,***,..K,*##.##.#....#.#
,,,*,* **#.*** #.#......#..#
,,**,* *#,** #|##....##.##


You could see a five-headed hydra, a two-headed ogre, a deep elf pyromancer
(poisoned), a fire elemental (summoned), a wyvern and an orc wizard (invisible).

Vanquished Creatures
  A catoblepas (D:9)
  A manticore (D:9)
  Joseph (D:8)
  6 yaks (D:9)
  Grum (D:8)
  A vampire mosquito (D:9)
  2 water moccasins
  3 orc warriors
  2 sky beasts
  3 ice beasts
  A black bear (D:8)
  A necrophage (D:6)
  2 ogres (D:5)
  4 wolves (D:8)
  4 centaurs
  A kobold brigand (D:9)
  4 bullfrogs (D:8)
  A wyvern zombie (D:7)
  3 scorpions
  2 wyvern skeletons (D:7)
  3 bullfrog zombies
  3 centaur zombies
  2 hounds
  3 jellies
  A bullfrog skeleton (D:6)
  11 orc priests
  2 centaur skeletons (D:7)
  A gnoll shaman (D:6)
  3 iguanas
  10 orc wizards
  Natasha (thrice) (D:2)
  A killer bee zombie (D:8)
  11 gnolls
  A howler monkey skeleton (D:5)
  7 adders
  A shadow imp (D:7)
  A white imp (D:7)
  An adder skeleton (D:4)
  A worm (D:4)
  A dart slug (D:1)
  25 orcs
  11 ball pythons
  6 bats
  5 endoplasms
  A giant cockroach (D:1)
  6 goblins
  5 hobgoblins
  8 jackals
  3 kobolds
  5 quokkas
  A frilled lizard (D:1)
  A goblin zombie (D:5)
  4 rats
192 creatures vanquished.

Vanquished Creatures (others)
  12 fungi (D:8)
  7 plants (D:8)
19 creatures vanquished.

Grand Total: 211 creatures vanquished

Notes
Turn   | Place    | Note
-------+----------+-------------------------------------------
     0 | D:1      | spaghetti the Demonspawn Berserker began the quest for the
                  | Orb.
     0 | D:1      | Reached XP level 1. HP: 18/18 MP: 1/1
   383 | D:1      | Gained mutation: A meltable shield of frost defends you.
                  | (SH +0) [demonic ancestry]
   383 | D:1      | Reached XP level 2. HP: 12/25 MP: 2/2
   622 | D:1      | Reached skill level 4 in Fighting
   940 | D:1      | Gained mutation: You are partially covered in sharp spines.
                  | [demonic ancestry]
   940 | D:1      | Reached XP level 3. HP: 25/30 MP: 3/3
  1387 | D:2      | Noticed Natasha
  1396 | D:2      | Killed Natasha
  1397 | D:2      | Gained mutation: You are partially covered in slimy green
                  | scales. (AC +2) [demonic ancestry]
  1397 | D:2      | Reached XP level 4. HP: 15/38 MP: 4/4
  1586 | D:1      | Reached skill level 5 in Fighting
  1973 | D:2      | Reached ** piety under Trog
  2100 | D:2      | Found a faded altar of an unknown god.
  2122 | D:2      | Noticed Natasha
  2135 | D:2      | Killed Natasha
  2165 | D:2      | Noticed Natasha
  2170 | D:2      | Killed Natasha
  2171 | D:2      | Gained mutation: You have a pair of small antennae on your
                  | head. [demonic ancestry]
  2171 | D:2      | Reached XP level 5. HP: 18/44 MP: 5/5
  2595 | D:3      | Found a runed translucent door.
  2605 | D:3      | Noticed rrix's ghost (amateur DsVM)
  3151 | D:4      | Found a glowing drain.
  3244 | D:4      | Found a runed translucent gate.
  3244 | D:4      | Found a runed translucent gate.
  3244 | D:4      | Found a runed translucent gate.
  3248 | D:4      | Noticed PoweredByGinger's ghost (amateur MiFi)
  3334 | D:4      | Reached skill level 6 in Fighting
  3348 | D:4      | Reached XP level 6. HP: 16/52 MP: 6/6
  3565 | D:4      | Found Qynicher's Assorted Antiques.
  4170 | D:5      | Entered Level 5 of the Dungeon
  4390 | D:5      | Noticed an ice beast
  4404 | D:5      | Killed an ice beast
  4483 | D:5      | Reached *** piety under Trog
  4484 | D:5      | Gained mutation: You are mostly covered in sharp spines.
                  | [demonic ancestry]
  4484 | D:5      | Reached XP level 7. HP: 51/59 MP: 7/7
  4747 | D:5      | Found a sand-covered staircase.
  4757 | D:5      | Reached skill level 7 in Fighting
  4871 | D:5      | Found a staircase to the Ecumenical Temple.
  4884 | D:5      | Found a transporter.
  4887 | D:5      | Noticed spaghetti's ghost (weakling OpDe)
  4901 | D:5      | Found a runed translucent door.
  4979 | D:5      | Found a transporter.
  5204 | D:5      | Found a runed translucent door.
  5204 | D:5      | Noticed a human
  5211 | D:5      | Reached skill level 5 in Armour
  5497 | D:5      | Found a basalt altar of Yredelemnul.
  5756 | D:6      | Gained mutation: You have a pair of antennae on your head.
                  | [demonic ancestry]
  5756 | D:6      | Reached XP level 8. HP: 56/68 MP: 8/8
  5865 | D:6      | Reached skill level 8 in Fighting
  7204 | D:7      | Reached skill level 9 in Fighting
  7584 | D:7      | Gained mutation: A meltable icy envelope protects you from
                  | harm. (AC +0) [demonic ancestry]
  7584 | D:7      | Reached XP level 9. HP: 49/76 MP: 9/9
  7748 | D:7      | Reached **** piety under Trog
  8374 | D:8      | Reached skill level 10 in Fighting
  8511 | D:8      | Noticed Grum
  8529 | D:8      | Killed Grum
  8908 | D:8      | Found an ancient bone altar of Kikubaaqudgha.
  8919 | D:8      | Found a broken altar of Ashenzari.
  9098 | D:8      | Noticed Joseph
  9114 | D:8      | Killed Joseph
  9215 | D:8      | Reached skill level 11 in Fighting
  9510 | D:8      | Gained mutation: A meltable icy envelope protects you from
                  | harm. (AC +0) [demonic ancestry]
  9510 | D:8      | Reached XP level 10. HP: 81/87 MP: 10/10
  9748 | D:8      | Found a staircase to the Lair.
 10674 | D:9      | Found an iron altar of Okawaru.
 10906 | D:9      | Reached skill level 10 in Armour
 10915 | D:9      | Noticed a manticore
 10917 | D:9      | Noticed a catoblepas
 10922 | D:9      | Noticed a deep elf pyromancer
 10926 | D:9      | Killed a manticore
 10927 | D:9      | Reached skill level 12 in Fighting
 10944 | D:9      | Noticed a five-headed hydra
 10947 | D:9      | Killed a catoblepas
 10956 | D:9      | Noticed a two-headed ogre
 10962 | D:9      | Killed from afar by a deep elf pyromancer

Illustrated notes

Levels and vault maps discovered:
D:1:      co_arrival_square_in_a_square_in_a_square, layout_loops_ring,
          minivault_27, minmay_indecisive_spiral
D:2:      layout_loops_ring, hellmonk_ecumenical_altar_heavens_door,
          minmay_misc_feat_plants, uniq_natasha
D:3:      layout_rooms, ebering_ghost_sewer_d
D:4:      layout_basic, serial_shops, nicolae_shop_hallway_plus,
          portal_sewer_entry_a, ebering_ghost_rock_garden, grunt_decor_cap,
          chequers_decorated_corner
D:5:      layout_basic, dk_yredelemnul_ordeal, minmay_temple_entry_statues,
          gammafunk_ghost_mausoleum, enter_ossuary_3, lightli_church_of_beogh
D:6:      layout_loops_ring, nicolae_concentric_dashed_squares_wild,
          chequers_serial_rivers_micro_e, hangedman_decor_riveting
D:7:      layout_loops_ring
D:8:      layout_basic, amethyst_overflow_temple_binary,
          grunt_lair_entry_orc_guard_hut, uniq_joseph, uniq_grum
D:9:      minmay_flawed_box, layout_basic, kennysheep_okawaru_gauntlet,
          minmay_fractal_squares_gapless_7

Skill      XL: |  1  2  3  4  5  6  7  8  9 10 |
---------------+-------------------------------+-----
Fighting       | 4 5 6 7 9 11 12 | 12.3
Armour         | 2 3 4 5 7 9 10 | 10.4
Maces & Flails | |  2.6
Dodging        | |  1.7

Action                   |  1- 3 |  4- 6 |  7- 9 | 10-12 || total
-------------------------+-------+-------+-------+-------++-------
Melee: Mace              |    57 |       |       |       ||    57
       Dagger            |    31 |       |       |       ||    31
       Short sword       |    10 |     2 |       |       ||    12
       Whip              |       |   133 |   294 |    87 ||   514
       Punch             |       |     2 |     7 |     4 ||    13
 Fire: Shortbow          |       |       |    35 |       ||    35
       Hunting sling     |       |       |     4 |     8 ||    12
Invok: Berserk           |     1 |     1 |     2 |     1 ||     5
       Trog's Hand       |       |       |       |     3 ||     3
       Brothers in Arms  |       |       |       |     1 ||     1
Evoke: Wand              |       |       |     4 |     1 ||     5
  Use: Scroll            |       |     2 |     9 |     2 ||    13
       Potion            |       |     1 |     4 |     5 ||    10
 Stab: Sleeping          |     2 |     2 |     1 |       ||     5
       Petrified         |       |       |    11 |       ||    11
Armor: Animal skin       |    21 |    25 |    84 |    50 ||   180
Dodge: Dodged            |    75 |    58 |   124 |    44 ||   301
Block: Other             |    14 |    26 |    50 |    11 ||   101
